AoeStats
← FifthCurve5037

Arabia

503283243Analyzed
1v1 RM · 10d ago on Aug 31, 2026· 26m 51s· 2 players
Game mode
Random Map
Map size
Tiny (2 player)
Population
200
Speed
Normal
Resources
Standard
Victory
Conquest
Starting age
Dark Age
Ending age
Imperial Age
RankedLock teamsTeams togetherTeam positionsShared explorationLock speedFull tech treeHidden civsTurbo modeCheats
Victory
Defeat
🇨🇴 Spanish · Colombia
572
+13
🇵🇪 Teutons · Peru
500
-19
FifthCurve5037
12:19 Feudal Age
15:23 Double-Bit Axe
15:57 Horse Collar
18:24 Wheelbarrow
Jocrams2017
0:48 Loom
10:08 Feudal Age
10:46 Double-Bit Axe
10:46 Horse Collar
10:57 Town Watch
13:02 Gold Mining
16:03 Wheelbarrow
15:42 Arson
15:18 Man-at-Arms
23:07 Bloodlines
29:23 Castle Age
Connection lost

Rejoining the realm…

Still unreachable

The connection could not be restored.

Session expired

The server has moved on; the page needs a fresh start.